 Dungeon Crawl Stone Soup version 0.31.0-32-g396128a36d (webtiles) character file.

Game seed: 16333914188613849057

707 H0rd4k the Cudgeller (level 7, -1/48 HPs)
             Began as an Octopode Artificer on Mar 12, 2024.
             Was an Initiate of Gozag.
             Slain by an orc warrior
             ... wielding a +0 dire flail
              (11 damage)
             ... on level 5 of the Dungeon.
             The game lasted 00:04:15 (3553 turns).

H0rd4k the Cudgeller (Octopode Artificer)           Turns: 3553, Time: 00:04:15

Health: -1/48      AC:  1    Str: 11    XL:     7   Next: 67%
Magic:  7/7        EV: 13    Int: 15    God:    Gozag
Gold:   318        SH:  0    Dex: 13    Spells: 6/6 levels left

rFire   . . .        g - +4 whip
rCold   . . .        (no shield)
rNeg    . . .        (helmet restricted)
rPois   .            (no amulet)
rElec   .            (no ring)
rCorr   .            (no ring)
SInv    .            (no ring)
Will    .....        (no ring)
Stlth   ++           (no ring)
HPRegen 0.28/turn    (no ring)
MPRegen 0.10/turn    (no ring)
                     (no ring)

%: no passive effects
@: confused
A: almost no armour, amphibious, 8 rings, camouflage 1, gelatinous body 1,
(nimble swimmer 1), tentacles
a: Renounce Religion, Potion Petition, Call Merchant, Bribe Branch


You were on level 5 of the Dungeon.
You worshipped Gozag.
Gozag was aware of your devotion.
You visited 1 branch of the dungeon, and saw 5 of its levels.

You collected 395 gold pieces.
You paid 77 gold pieces to Gozag.

Inventory:

Hand Weapons
 g - a +4 whip (weapon)
Missiles
 l - 3 poisoned darts
Jewellery
 n - an amulet of faith
 q - a ring of ice
Talismans
 o - a flux talisman
Wands
 b - a wand of flame (11) (quivered)
 c - a wand of charming (12)
 d - a wand of iceblast (1)
 p - a wand of quicksilver (5)
 r - a wand of paralysis (14)
 v - a wand of polymorph (3)
Scrolls
 a - 2 scrolls of poison {unknown}
 e - 7 scrolls of identify {unknown}
 f - 2 scrolls of fear {unknown}
 h - 4 scrolls of teleportation {unknown}
 s - a scroll of fog {unknown}
 t - a scroll of vulnerability {unknown}
 u - a scroll of revelation {unknown}
Potions
 i - 2 potions of berserk rage {unknown}
 j - 3 potions of curing {unknown}
 k - 2 potions of mutation {unknown}
 m - 2 potions of heal wounds {unknown}
 w - a potion of lignification {unknown}


   Skills:
 + Level 4.3 Fighting
 - Level 6.2 Maces & Flails
 - Level 2.3 Dodging
 - Level 1.3 Stealth
 + Level 2.3 Unarmed Combat
 - Level 3.2 Evocations
 * Level 0.1 Shapeshifting


You had 6 spell levels left.
You didn't know any spells.
Your spell library contained the following spells:

 Spells                   Type           Power      Damage    Failure   Level
 Cigotuvi's Dreadful Rot  Necr/Alch/Air  0%         N/A       38%         2
 Dispel Undead            Necr           0%         3d6       95%         4
 Martyr's Knell           Necr/Summ      0%         N/A       95%         4
 Death Channel            Necr           0%         N/A       100%        6


Dungeon Overview and Level Annotations

Branches:
Dungeon (5/15)
 Temple: D:4-7

Altars:
Gozag
Zin

Shops:
D:3 :


Innate Abilities, Weirdness & Mutations

You cannot wear most types of armour.
You are amphibious.
You can wear up to eight rings at the same time.
Your skin changes colour to match your surroundings (Stealth+).
Your rubbery body absorbs attacks. (AC +1, EV +1)
((You are camouflaged when in or above water. (Stealth+)))
You have tentacles for arms and can constrict up to eight enemies at once.


Message History

You squeeze the orc warrior.
The orc warrior is lightly wounded.
You constrict the orc warrior, but do no damage.
The orc closely misses you. The orc warrior closely misses you.
Something barely misses you.
You hit the orc warrior but do no damage.
You squeeze the orc warrior, but do no damage.
The orc warrior is lightly wounded.
You constrict the orc warrior, but do no damage.
You hit the orc warrior.
You squeeze the orc warrior, but do no damage.
The orc warrior is moderately wounded.
You constrict the orc warrior, but do no damage.
The orc hits you with a +0 falchion. The orc warrior closely misses you.
Something hits you.
You hit the orc warrior.
The orc warrior is heavily wounded.
You constrict the orc warrior, but do no damage.
The orc is distracted by your dazzling golden aura.
The orc warrior closely misses you.
You hear some strange, mumbled words.
You are confused.
The orc shouts!
You are too confused!
Okay, then.
Unknown command.
You are too confused!
Unknown command.
You release your grip on the orc warrior.
Something hits you.
The orc is no longer distracted by gold.
The orc warrior closely misses you. The orc misses you.
The orc warrior hits you with a +0 dire flail!
* * * LOW HITPOINT WARNING * * *
You're too confused to move!
The orc hits you with a +0 falchion.
* * * LOW HITPOINT WARNING * * *
The orc warrior hits you with a +0 dire flail!
You die...
Your body crumbles into a pile of gold.

...####....##
....####....#
##...###....##
##..........##
#...........##
#............#
##...........###
##...........$##
##..........@.####...
##.........oo......#
#...........$.....##
....###..........##
..# ##........##
##.......# .......##
........# .........#


You could see an orc warrior and an orc.

Vanquished Creatures
  Eustachio (D:4)
  Menkaure (D:4)
  A phantom (D:4)
  A scorpion (D:4)
  2 orc priests
  A hound (D:4)
  2 orc wizards
  3 gnolls (D:2)
  6 adders
  2 ufetubi (D:5)
  A ribbon worm (D:2)
  8 orcs
  8 endoplasms
  2 giant cockroaches (D:1)
  5 goblins
  3 hobgoblins
  3 quokkas
  12 ball pythons
  5 bats
  8 frilled lizards
  10 kobolds
  6 rats
91 creatures vanquished.

Vanquished Creatures (collateral kills)
  A goblin (D:4)
1 creature vanquished.

Vanquished Creatures (others)
  An orc (D:4)
1 creature vanquished.

Grand Total: 93 creatures vanquished

Notes
Turn   | Place    | Note
-------+----------+-------------------------------------------
     0 | D:1      | H0rd4k the Octopode Artificer began the quest for the Orb.
     0 | D:1      | Reached XP level 1. HP: 13/13 MP: 1/1
   176 | D:1      | Reached skill level 1 in Unarmed Combat
   176 | D:1      | Reached XP level 2. HP: 18/18 MP: 2/2
   488 | D:1      | Reached skill level 1 in Maces & Flails
   585 | D:1      | Reached XP level 3. HP: 22/24 MP: 3/3
   784 | D:2      | Found a glowing silver altar of Zin.
   953 | D:2      | Reached skill level 2 in Maces & Flails
   953 | D:2      | Reached XP level 4. HP: 15/29 MP: 4/4
  1433 | D:2      | Found a faded altar of an unknown god.
  1600 | D:3      | Reached skill level 3 in Maces & Flails
  1631 | D:3      | Reached XP level 5. HP: 25/35 MP: 5/5
  1814 | D:3      | Found a faded altar of an unknown god.
  1825 | D:3      | Found an opulent altar of Gozag.
  2011 | D:3      | Found Mereic's Vocational Training.
  2142 | D:4      | Noticed a phantom
  2302 | D:4      | Noticed Eustachio
  2314 | D:3      | Became a worshipper of Gozag Ym Sagoz the Greedy
  2325 | D:4      | Killed Eustachio
  2326 | D:4      | Reached skill level 4 in Maces & Flails
  2326 | D:4      | Reached XP level 6. HP: 35/42 MP: 6/6
  2369 | D:4      | Noticed Menkaure
  2374 | D:4      | Killed Menkaure
  2375 | D:4      | Reached skill level 5 in Maces & Flails
  2375 | D:4      | Reached XP level 7. HP: 35/46 MP: 7/7
  3114 | D:4      | Reached skill level 6 in Maces & Flails
  3471 | D:5      | Entered Level 5 of the Dungeon
  3553 | D:5      | Slain by an orc warrior

Illustrated notes

Levels and vault maps discovered:
D:1:      nagdon_arrival_double_spiral, layout_basic, serial_park_tiny_2
D:2:      layout_basic, hellmonk_ecumenical_altar_inner_sanctum, basic_altar
D:3:      layout_rooms, nicolae_overflow_ecumenical_swirl, serial_bayou_pond_c,
          nicolae_shop_vocational
D:4:      layout_basic, uniq_menkaure, uniq_eustachio
D:5:      layout_layer_cave

Skill      XL: |  1  2  3  4  5  6  7 |
---------------+----------------------+-----
Unarmed Combat | 1 2 |  2.3
Maces & Flails | 1 2 3 4 5 6 |  6.2
Fighting       | 2 3 4 |  4.3
Dodging        | |  2.3
Stealth        | |  1.3
Evocations     | |  3.2
Shapeshifting  | |  0.1

Action                     |  1- 3 |  4- 6 |  7- 9 || total
---------------------------+-------+-------+-------++-------
  Melee: Unarmed           |    11 |       |       ||    11
         Whip              |    48 |    63 |    65 ||   176
         Constrict         |    11 |    16 |    12 ||    39
         Tentacles         |    10 |    12 |    14 ||    36
  Evoke: Wand              |     1 |     9 |     1 ||    11
   Stab: Sleeping          |     8 |     4 |     1 ||    13
         Distracted        |       |     2 |       ||     2
 Armour: Skin              |    16 |    29 |    35 ||    80
  Dodge: Dodged            |    34 |    32 |    46 ||   112
